 Dungeon Crawl Stone Soup version 0.27.1-4-g1640c2035a (webtiles) character file.

Game seed: 8824767785149118383

1081 Stomo444 the Pannier (level 8, -1/60 HPs)
             Began as a Demonspawn Gladiator on Nov 16, 2021.
             Was an Initiate of Nemelex Xobeh.
             Slain by an ogre (25 damage)
             ... on level 6 of the Dungeon.
             The game lasted 00:08:51 (7011 turns).

Stomo444 the Pannier (Demonspawn Gladiator)         Turns: 7011, Time: 00:08:52

Health: -1/60      AC:  7    Str: 17    XL:     8   Next: 8%
Magic:  13/13      EV: 15    Int:  9    God:    Nemelex Xobeh [......]
Gold:   1803       SH:  0    Dex: 15    Spells: 7/7 levels left

rFire    . . .     SeeInvis +   a - +0 flail
rCold    . . .     Faith    .   (no shield)
rNeg     . . .     Spirit   .   m - +0 scale mail
rPois    .         Reflect  .   (helmet unavailable)
rElec    .         Harm     .   (no cloak)
rCorr    +         Rampage  .   (no gloves)
Will     .....                  g - +0 pair of boots
Stlth    ..........             (no amulet)
HPRegen  0.20/turn              n - ring of resist corrosion
MPRegen  0.13/turn              s - +4 ring of evasion

@: no status effects
A: antennae 3, demonic guardian 1, corrupting presence 1
a: Renounce Religion, Draw Escape, Draw Destruction, Draw Summoning


You were on level 6 of the Dungeon.
You worshipped Nemelex Xobeh.
Nemelex Xobeh was noncommittal.
You visited 2 branches of the dungeon, and saw 7 of its levels.

You collected 1803 gold pieces.

Inventory:

Hand Weapons
 a - a +0 flail (weapon)
Missiles
 d - 2 throwing nets (quivered)
Armour
 b - a +0 leather armour
 c - a +0 helmet
 e - a +0 ring mail
 g - a +0 pair of boots (worn)
 m - a +0 scale mail (worn)
 o - a +0 chain mail
Jewellery
 n - a ring of resist corrosion (left hand)
 s - a +4 ring of evasion (right hand)
 t - a ring of fire
 C - a ring of wizardry
Wands
 f - a wand of polymorph (5)
Scrolls
 i - a scroll of amnesia {unknown}
 q - 3 scrolls of identify
 x - a scroll of enchant armour {unknown}
 y - a scroll of teleportation {unknown}
 z - a scroll of noise {unknown}
Potions
 h - a potion of cancellation
 j - 5 potions of curing {unknown}
 k - a potion of flight {unknown}
 l - 2 potions of mutation {unknown}
 w - a potion of lignification {unknown}
 A - a potion of heal wounds {unknown}
 B - a potion of brilliance {unknown}


   Skills:
 - Level 4.1 Fighting
 - Level 4.3 Maces & Flails
 - Level 1.7 Throwing
 - Level 3.1 Armour
 - Level 4.2 Dodging
 + Level 7.5 Invocations


You had 7 spell levels left.
You didn't know any spells.
Your spell library contained the following spells:

 Spells                   Type           Power      Damage    Failure   Level
 Corona                   Hex            0%         N/A       80%         1
 Pain                     Necr           0%         1d4       80%         1
 Shock                    Conj/Air       0%         1d3       80%         1
 Summon Small Mammal      Summ           0%         N/A       80%         1
 Ensorcelled Hibernation  Hex/Ice        0%         N/A       90%         2
 Call Canine Familiar     Summ           0%         N/A       99%         3
 Summon Guardian Golem    Hex/Summ       0%         N/A       99%         3
 Swiftness                Air            0%         N/A       99%         3
 Tukima's Dance           Hex            0%         N/A       99%         3
 Airstrike                Air            0%         N/A       100%        4
 Agony                    Necr           0%         N/A       100%        5
 Excruciating Wounds      Necr           0%         N/A       100%        5


Dungeon Overview and Level Annotations

Branches:
Dungeon (6/15)             Temple (1/1) D:5

Altars:
Ashenzari
Dithmenos
Hepliaklqana
Kikubaaqudgha
Makhleb
Nemelex Xobeh
Okawaru
Qazlal
Sif Muna
Trog
Uskayaw
Vehumet
Xom
Yredelemnul
Jiyva


Innate Abilities, Weirdness & Mutations

You have a pair of large antennae on your head. (SInv)
A weak demonic guardian rushes to your aid.
Your presence sometimes corrodes those you injure.


Message History

You destroy the bullfrog skeleton!
No target in view!
No target in view!
Search for what [Enter for "mace", or ? for help]? mace
There is an open door here.
k - an emerald potion You open the door.
There is an open door here.
You open the door.
There is an open door here.
You open the door.
An ogre comes into view. It is wielding a +0 giant club.
An ogre is nearby!
An ogre is nearby!
An ogre is nearby!
There is an open door here.
The ogre closely misses you.
You hit the ogre.
The ogre is lightly wounded.
The ogre hits you with a +0 giant club!!
You hit the ogre.
The ogre is moderately wounded.
The ogre barely misses you.
You barely miss the ogre.
The ogre is moderately wounded.
The ogre completely misses you.
A black bear comes into view.
The black bear growls angrily.
You hit the ogre.
The ogre is heavily wounded.
The ogre hits you with a +0 giant club!!
You are too injured to fight recklessly!
Unknown command.
There is an open door here.
There is an open door here.
There is an open door here.
Found a stone staircase leading up.
The ogre hits you with a +0 giant club!!
You die...
Your body disappears without a glow.

.... #............# ....
+............#
....####..h.........#
.<........#####+#...
#.......#.....+...
#.......#.....#...
#.......#.....#...
#.......#.....#...
#####@O.....#..##'#...
#.....#'#####..#......
#.....#...(....+......
{{{
#.....+........#...... ##
#+##.....#####+##.#......
.##..###.#...>###
######### .........'....#
.........#....+
########'#....#


You could see a black bear and an ogre.

Vanquished Creatures
  A water moccasin (D:5)
  A sky beast (D:6)
  2 centaurs (D:5)
  An ogre (D:5)
  Blork the orc (D:5)
  A water moccasin skeleton (D:5)
  A killer bee (D:4)
  3 bullfrog skeletons
  A jelly (D:4)
  2 iguanas
  An orc wizard (D:3)
  A scorpion zombie (D:3)
  3 hound skeletons (D:4)
  A gnoll (D:4)
  5 adders
  A white imp (D:5)
  An adder skeleton (D:4)
  2 worms (D:4)
  2 dart slugs
  3 orcs
  7 ball pythons
  7 endoplasms
  3 giant cockroaches
  9 goblins
  3 hobgoblins
  5 kobolds
  6 quokkas
  5 bats
  2 frilled lizards
  3 rats
84 creatures vanquished.

Vanquished Creatures (collateral kills)
  A sky beast (D:5)
  A hound skeleton (D:4)
  An ufetubus (D:4)
  2 orcs (D:3)
  A ball python (D:3)
  An endoplasm (D:4)
  A hobgoblin (D:4)
  A jackal (D:4)
  A kobold (D:4)
10 creatures vanquished.

Grand Total: 94 creatures vanquished

Notes
Turn   | Place    | Note
-------+----------+-------------------------------------------
     0 | D:1      | Stomo444 the Demonspawn Gladiator began the quest for the
                  | Orb.
     0 | D:1      | Reached XP level 1. HP: 16/16 MP: 1/1
   343 | D:1      | Found a faded altar of an unknown god.
   344 | D:1      | Noticed a great orb of eyes
   346 | D:1      | Noticed a great orb of eyes
   352 | D:1      | Noticed an eye of devastation
   379 | D:1      | Noticed an eye of devastation
   458 | D:1      | Gained mutation: A weak demonic guardian rushes to your
                  | aid. [demonic ancestry]
   458 | D:1      | Reached XP level 2. HP: 22/22 MP: 2/2
  1276 | D:2      | Reached skill level 1 in Armour
  1282 | D:2      | Gained mutation: You have a pair of small antennae on your
                  | head. [demonic ancestry]
  1282 | D:2      | Reached XP level 3. HP: 24/28 MP: 3/3
  2400 | D:3      | Gained mutation: You have a pair of antennae on your head.
                  | [demonic ancestry]
  2400 | D:3      | Reached XP level 4. HP: 30/34 MP: 4/4
  2563 | D:3      | Found a shimmering altar of Xom.
  2715 | D:3      | Found a radiant altar of Vehumet.
  3294 | D:4      | Reached XP level 5. HP: 41/41 MP: 5/5
  3772 | D:4      | Reached XP level 6. HP: 34/47 MP: 6/6
  4400 | D:4      | Noticed Edmund
  5168 | D:4      | Identified a scroll of acquirement
  5168 | D:4      | Acquired 1160 gold pieces
  5206 | D:5      | Entered Level 5 of the Dungeon
  5225 | D:5      | Noticed a sky beast
  5238 | D:5      | Killed a sky beast
  5446 | D:5      | Gained mutation: You have a pair of large antennae on your
                  | head. (SInv) [demonic ancestry]
  5446 | D:5      | Reached XP level 7. HP: 34/54 MP: 7/7
  5592 | D:5      | Found a staircase to the Ecumenical Temple.
  5608 | Temple   | Entered the Ecumenical Temple
  5795 | Temple   | Became a worshipper of Nemelex Xobeh the Trickster
  5872 | D:5      | Reached skill level 2 in Invocations
  6134 | D:5      | Reached skill level 3 in Invocations
  6238 | D:5      | Found a basalt altar of Yredelemnul.
  6248 | D:5      | Noticed Blork the orc
  6259 | D:5      | Killed Blork the orc
  6260 | D:5      | Reached skill level 4 in Invocations
  6349 | D:5      | Reached skill level 5 in Invocations
  6408 | D:5      | Reached skill level 6 in Invocations
  6857 | D:6      | Reached skill level 7 in Invocations
  6857 | D:6      | Gained mutation: Your presence sometimes corrodes those you
                  | injure. [demonic ancestry]
  6857 | D:6      | Reached XP level 8. HP: 55/60 MP: 13/13
  7011 | D:6      | Slain by an ogre

Illustrated notes

Levels and vault maps discovered:
D:1:      dpeg_arrival_ternary, layout_loops_corners,
          hellmonk_ecumenical_altar_watching_god
D:2:      layout_loops_ring, minmay_ruptured
D:3:      layout_basic, mainiacjoe_overflow_alcove_4, xom_teletrap_fun,
          minivault_27
D:4:      minmay_polygon_palace, layout_gridville, uniq_edmund
D:5:      layout_loops_cross, nicolae_overflow_crystal_walls,
          minmay_temple_entry_statues_fountains, serial_bayou_pond_a,
          uniq_blork_the_orc
D:6:      layout_gridville
Temple:   pf_slimified_temple

Skill      XL: |  1  2  3  4  5  6  7 |
---------------+----------------------+-----
Maces & Flails | 3 4 |  4.3
Dodging        | 3 4 |  4.2
Armour         | 1 2 3 |  3.1
Fighting       | 3 4 |  4.1
Invocations    | 7 |  7.5
Throwing       | |  1.7

Action                   |  1- 3 |  4- 6 |  7- 9 || total
-------------------------+-------+-------+-------++-------
Melee: Flail             |   108 |   227 |    81 ||   416
Throw: Throwing net      |       |       |     1 ||     1
  Use: Scroll            |       |     8 |       ||     8
Armor: Ring mail         |     8 |       |       ||     8
       Scale mail        |    45 |    92 |    32 ||   169
Dodge: Dodged            |    71 |   210 |    80 ||   361
